[Event "Live Chess"]
[Site "Chess.com"]
[Date "2020.12.01"]
[Round "1"]
[White "GGuseinov"]
[Black "MatnMatt20"]
[Result "1-0"]
[WhiteElo "2600"]
[BlackElo "1718"]
[TimeControl "2100+2"]
[EndTime "18:44:29 PST"]
[Termination "GGuseinov won by resignation"]

1. e4 g6 2. d4 Bg7 3. Nc3 e6 4. Be3 Ne7 5. Qd2 h6 6. O-O-O a6 7. h4 b5 8. h5 g5 9. f4 gxf4 10. Bxf4 Bb7 11. Qe3 d6 12. Nf3 Nd7 13. Bd3 Nf6 14.
g4 Nxg4 15. Qg1 f5 16. Nh2 Rg8 17. Nxg4 fxg4 18. Rh4 Kd7 19. Rxg4 Bh8 20. Bxh6 Rxg4 21. Qxg4 Bxd4 22. Bxb5+ c6 23. Bc4 d5 24. exd5 cxd5 25. Qxd4 Nf5 26. Qf4 Qc8 27. Nxd5 Qxc4 28. Nb6+ 1-0

[Event "Live Chess"]
[Site "Chess.com"]
[Date "2020.12.01"]
[Round "1"]
[White "ahyanzaman"]
[Black "ecwinslow"]
[Result "0-1"]
[WhiteElo "1699"]
[BlackElo "2278"]
[TimeControl "2100+2"]
[EndTime "19:43:54 PST"]
[Termination "ecwinslow won by checkmate"]

1. c4 g6 2. Nc3 Bg7 3. Nf3 d6 4. d4 Nf6 5. g3 O-O 6. Bg2 Nbd7 7. e3 e5 8. dxe5 dxe5 9. O-O c6 10.
b3 Re8 11. Bb2 Qc7 12. Qc2 Nc5 13. b4 Bf5 14. e4 Ncxe4 15. Nxe4 Bxe4 16. Qe2 Rad8 17. Rad1 Bxf3 18. Qxf3 e4 19. Qb3 e3 20. fxe3 Ng4 21.
Bxg7 Kxg7 22. Rxd8 Qxd8 23. Qc3+ f6 24. e4 Qb6+ 25. c5 Qa6 26. Qf3 f5 27. exf5 Qc4 28. fxg6 hxg6 29. h3 Qd4+ 30. Kh1 Nf6 31. Qf4 Qxf4 32.
Rxf4 Re2 33. a3 Nd7 34. Re4 Rd2 35. a4 Kf6 36. Rf4+ Ke7 37. b5 cxb5 38. c6 bxc6 39. Bxc6 bxa4 40. Bxa4 Ne5 41. Kg1 g5 42. Re4 Kd6 43.
Re3 a5 44. Be8 Ra2 45. Kf1 a4 46. Re4 a3 47. Rd4+ Kc5 48. Rd1 Rb2 49. Ba4 a2 50. Rc1+ Nc4 51. Be8 Rb1 52. Rxb1 axb1=Q+ 53. Kf2 Kd4 54.
Kf3 Qd1+ 55. Kf2 Ne5 56. Bb5 Qf3+ 57. Ke1 Ke3 58. h4 Qf2+ 59. Kd1 Qd2# 0-1

[Event "Live Chess"]
[Site "Chess.com"]
[Date "2020.12.01"]
[Round "1"]
[White "microbear"]
[Black "starserika18"]
[Result "1-0"]
[WhiteElo "2202"]
[BlackElo "1693"]
[TimeControl "2100+2"]
[EndTime "19:12:57 PST"]
[Termination "microbear won by resignation"]

1. e4 c5 2. Nf3 Nc6 3. d4 cxd4 4.
Nxd4 g6 5. Nc3 Bg7 6. Be3 a6 7.
h3 e6 8. g4 Nge7 9. Bg2 Qa5 10. O-O O-O 11. Nce2 f5 12. f4 Nxd4 13. Bxd4 Nc6 14.
Bxg7 Kxg7 15. b3 b5 16. gxf5 exf5 17. exf5 Rxf5 18. Ng3 Qb6+ 19. Kh2 Rf7 20. f5 Ra7 21. f6+ Rxf6 22. Rxf6 Kxf6 23. Qd6+ Kg7 24. Rf1 Qd8 25. Bxc6 Rc7 26. Nf5+ 1-0

[Event "Live Chess"]
[Site "Chess.com"]
[Date "2020.12.01"]
[Round "1"]
[White "mateosh"]
[Black "Limelight2727"]
[Result "0-1"]
[WhiteElo "1687"]
[BlackElo "2199"]
[TimeControl "2100+2"]
[EndTime "19:09:31 PST"]
[Termination "Limelight2727 won by resignation"]

1. e4 c5 2. Nf3 g6 3. Bc4 Bg7 4. O-O d6 5. h3 Nc6 6. c3 Nf6 7. Qe2 O-O 8. d4 cxd4 9. cxd4 d5 10. exd5 Nxd5 11. Nc3 Nb6 12. Be3 Nxc4 13. Qxc4 Bf5 14.
b4 Rc8 15. Qb5 Qd6 16. a3 a6 17. Qxb7 Nd8 18. Qa7 Rxc3 19. Rfc1 Rxc1+ 20. Rxc1 Ne6 21. d5 Qxd5 22. Qxa6 Ra8 23. Ba7 Nf4 24. b5 Ne2+ 25.
Kh2 Nxc1 0-1

[Event "Live Chess"]
[Site "Chess.com"]
[Date "2020.12.01"]
[Round "1"]
[White "ifyoustayreti"]
[Black "etvat"]
[Result "0-1"]
[WhiteElo "1654"]
[BlackElo "2120"]
[TimeControl "2100+2"]
[EndTime "19:28:25 PST"]
[Termination "etvat won by resignation"]

1. Nf3 Nf6 2. c4 e6 3. g3 d5 4. Bg2 c6 5. O-O Bd6 6. Nc3 O-O 7. b3 Nbd7 8. Qc2 b6 9. Bb2 Bb7 10. cxd5 exd5 11. d4 Re8 12. a3 Rc8 13. Rad1 Qe7 14. Qb1 Bxa3 15. Bxa3 Qxa3 16. e3 b5 17. Rd3 Ne4 18.
Nd2 Nxc3 19. Rxc3 Qd6 20. Rfc1 a5 21. Qd3 Ba6 22. Qf5 Nf6 23. Qf4 Qxf4 24. gxf4 Bb7 25. f3 b4 26. Rc5 Rxe3 27. Rxa5 Rd3 28. Ra7 Rxd2 29. Rxb7 Rxd4 30. Ra1 Rxf4 31. Raa7 Nh5 32. Rc7 Re8 33. Rxc6 h6 34. Rc5 Rd4 35. Ra1 Nf4 36.
Bf1 Nd3 37. Rb5 Ne1 38. Kf2 Rd2+ 39. Kg3 Nc2 40. Raa5 Re5 41. h4 g5 42. h5 Re1 43.
Bh3 Rg1+ 44. Bg2 Rgxg2+ 45. Kh3 Rh2+ 46. Kg4 Rh4+ 47. Kf5 Nd4+ 48. Ke5 Nxf3+ 49. Kd6 Nd4 50. Rb8+ Kg7 51. Raa8 Nf5+ 52. Kc5 Rc2+ 53. Kb6 Rxh5 54.
Rg8+ Kf6 55. Kb5 Nd6+ 56. Kb6 Ke6 57. Ra1 Rh4 58. Re1+ Re4 59. Rh1 Nf5 60. Re8+ Kf6 61. Rd8 Re6+ 62. Ka5 Rcc6 63. Rxd5 Ra6+ 64. Kxb4 Rab6+ 65. Kc3 Re3+ 66. Kc2 Rbxb3 67. Rf1 Rf3 68. Ra1 Ne3+ 0-1

[Event "Live Chess"]
[Site "Chess.com"]
[Date "2020.12.01"]
[Round "1"]
[White "FlightsOfFancy"]
[Black "ibalek"]
[Result "1-0"]
[WhiteElo "2075"]
[BlackElo "1652"]
[TimeControl "2100+2"]
[EndTime "19:38:32 PST"]
[Termination "FlightsOfFancy won on time"]

1. e4 c5 2. Nf3 e6 3. d4 cxd4 4.
Nxd4 a6 5. Bd3 Qc7 6. O-O Nf6 7. Qe2 Nc6 8. Nxc6 bxc6 9. e5 Nd5 10. a3 Ne7 11. Nd2 Ng6 12. Nc4 a5 13. Be3 d5 14.
exd6 Bxd6 15. Nxd6+ Qxd6 16. Rad1 Qc7 17. Bc5 Nf4 18. Qf3 Nxd3 19. Qxd3 Ba6 20. Qc3 f6 21. Rfe1 Kf7 22. Rd6 Rhe8 23. Qh3 Kg8 24. Rdxe6 Qf7 25. Qe3 Rxe6 26. Qxe6 Qxe6 27. Rxe6 Rd8 28. h3 Rd1+ 29. Kh2 Rd2 30. Rxc6 Bb7 31. Rb6 Rxc2 32. Rxb7 Rxc5 33. b4 axb4 34. axb4 Rc2 35. Kg3 h5 36. b5 Rb2 37. b6 Rb4 38. Rb8+ Kf7 39. b7 Kg6 40. Kf3 Kf5 41. Ke3 g5 42. Kd3 Kf4 43. Kc3 Rb1 44. Kc4 f5 45. Kd5 g4 46. h4 1-0

[Event "Live Chess"]
[Site "Chess.com"]
[Date "2020.12.01"]
[Round "1"]
[White "fiddleleaf"]
[Black "unusualkid"]
[Result "0-1"]
[WhiteElo "1574"]
[BlackElo "2063"]
[TimeControl "2100+2"]
[EndTime "19:32:49 PST"]
[Termination "unusualkid won by checkmate"]

1. d4 d5 2. c4 c6 3. Nc3 Nf6 4. Nf3 dxc4 5. e3 b5 6. b3 Nd5 7. Bd2 cxb3 8. Qxb3 e6 9. e4 Nxc3 10. Bxc3 a6 11. Bd3 c5 12. Bxb5+ axb5 13. dxc5 Qd3 14.
Nd2 Nc6 15. O-O-O b4 16. Nb1 Qxe4 17. Rhe1 Qf5 18. Bxb4 Nxb4 19. Qf3 Qc2# 0-1

[Event "Live Chess"]
[Site "Chess.com"]
[Date "2020.12.01"]
[Round "1"]
[White "SunnyCountry"]
[Black "oka_ako"]
[Result "0-1"]
[WhiteElo "1193"]
[BlackElo "1980"]
[TimeControl "2100+2"]
[EndTime "19:41:14 PST"]
[Termination "oka_ako won by resignation"]

1. e4 c6 2. d4 d5 3. Nc3 dxe4 4. Nxe4 Nf6 5. Ng3 Bg4 6. Be2 Bxe2 7. N1xe2 e6 8. O-O Nbd7 9. Bg5 Qc7 10. c3 Bd6 11. Qd2 h6 12. Bf4 g5 13. Bxd6 Qxd6 14. f4 O-O-O 15.
a4 Rdg8 16. f5 e5 17. Rad1 e4 18. c4 Re8 19. c5 Qe7 20. a5 Nd5 21. f6 N7xf6 22.
Nf5 Qe6 23. Nd6+ Kc7 24. Nxe8+ Rxe8 25. Ng3 e3 26. Qe2 Ne7 27. Rf3 Nfd5 28. Rdf1 Nf4 29. Rxf4 gxf4 30. Rxf4 Nd5 31. Re4 Qd7 32. Rxe8 Qxe8 33.
Nf5 Qe4 34. Nd6 Qxd4 35. Nxf7 Nf4 36. Qe1 e2+ 37. Kh1 Qd1 38. h3 Qxe1+ 39. Kh2 Qf1 0-1

[Event "Live Chess"]
[Site "Chess.com"]
[Date "2020.12.01"]
[Round "1"]
[White "FelixGerman"]
[Black "rimus11"]
[Result "1-0"]
[WhiteElo "1976"]
[BlackElo "1513"]
[TimeControl "2100+2"]
[EndTime "19:29:05 PST"]
[Termination "FelixGerman won by resignation"]

1. d4 d5 2. c4 c6 3. Nc3 Nf6 4. Nf3 Bf5 5. Bf4 e6 6. e3 Bd6 7.
Ne5 Bxe5 8. Bxe5 Nbd7 9. Bd6 b6 10. cxd5 exd5 11. Ba6 b5 12. Bb7 Nb6 13. Bxc6+ Bd7 14. Bxa8 Nxa8 15. Bc5 a6 16. O-O Nc7 17. a4 Ne6 18.
axb5 Nxc5 19. dxc5 axb5 20. Nxd5 O-O 21. Nxf6+ gxf6 22. Qd6 Qc8 23. b4 Rd8 24. Qxf6 Be6 25. Rfd1 Re8 26. h4 Bg4 27. Rd5 h5 28. Qh6 Re6 29.
Rg5+ Rg6 30. Rxg6+ fxg6 31. Qxg6+ Kf8 32. Ra7 Be6 33.
Qg7+ 1-0

[Event "Live Chess"]
[Site "Chess.com"]
[Date "2020.12.01"]
[Round "1"]
[White "chessboi2010"]
[Black "kyanofsky"]
[Result "0-1"]
[WhiteElo "1506"]
[BlackElo "1968"]
[TimeControl "2100+2"]
[EndTime "19:24:46 PST"]
[Termination "kyanofsky won by checkmate"]

1. e4 c5 2. Nf3 g6 3. Bc4 Bg7 4. c3 Nc6 5. O-O e6 6. d4 cxd4 7. cxd4 d5 8. exd5 exd5 9. Bb5 Ne7 10. Re1 O-O 11. Bf4 Bg4 12. Be5 Nxe5 13. dxe5 Nc6 14.
Bxc6 bxc6 15. Nbd2 Re8 16. Qa4 Bd7 17. Qa3 Qc7 18.
Qd6 Qxd6 19. exd6 Bf8 20. Ne5 Rad8 21. Nxd7 Rxe1+ 22. Rxe1 Rxd7 23. Re8 Kg7 24. Rc8 Rxd6 25. Rc7 Re6 26. Rxa7 Re2 27. Nf1 Bc5 28. Rb7 Rxf2 29.
Rb3 Rf3+ 30. Ne3 Rxe3 31. Rxe3 Bxe3+ 32. Kf1 Bc1 33. b3 Ba3 34. Ke2 Kf6 35. Kd3 Ke5 36. Kc3 c5 37. Kd3 f5 38. g3 f4 39. gxf4+ Kxf4 40. Ke2 g5 41. Kf2 g4 42. Kg2 Ke3 43. h3 gxh3+ 44.
Kxh3 d4 45. Kg4 d3 46. Kh5 d2 47. Kh6 d1=Q 48. Kxh7 Qg4 49. Kh6 Kf4 50. Kh7 Kf5 51. Kh8 Kf6 52. Kh7 Qg7# 0-1

[Event "Live Chess"]
[Site "Chess.com"]
[Date "2020.12.01"]
[Round "1"]
[White "ninjaforce"]
[Black "nmbrown2"]
[Result "1-0"]
[WhiteElo "1958"]
[BlackElo "1495"]
[TimeControl "2100+2"]
[EndTime "18:59:17 PST"]
[Termination "ninjaforce won by resignation"]

1. e4 c5 2. Nf3 Nc6 3. d4 cxd4 4. Nxd4 Nxd4 5. Qxd4 d6 6. c4 Nf6 7. Nc3 e6 8. Be2 Be7 9. O-O O-O 10. Be3 b6 11. Rfd1 Bb7 12. f3 Rc8 13. b3 d5 14. cxd5 Bc5 15. Qd2 Bxe3+ 16. Qxe3 exd5 17. e5 Re8 18.
Qd4 Nd7 19. f4 Qc7 20. Nb5 Qc5 21. Nd6 Qxd4+ 22. Rxd4 Rc2 23. Bd1 Rec8 24. Bxc2 Rxc2 25. Nxb7 1-0

[Event "Live Chess"]
[Site "Chess.com"]
[Date "2020.12.01"]
[Round "1"]
[White "Evariel"]
[Black "BreatheChessAlways"]
[Result "0-1"]
[WhiteElo "1490"]
[BlackElo "1941"]
[TimeControl "2100+2"]
[EndTime "19:27:41 PST"]
[Termination "BreatheChessAlways won by resignation"]

1. e4 c5 2. c3 Nf6 3. e5 Nd5 4.
d4 cxd4 5. cxd4 e6 6. Nc3 Nxc3 7. bxc3 d6 8. Nf3 Nc6 9. Bb5 Be7 10. exd6 Bxd6 11.
Bg5 Qc7 12. O-O O-O 13. Qc2 h6 14. Be3 Bd7 15. Bd3 Kh8 16. Qd2 f5 17. Bxh6 Be8 18. Bxg7+ Qxg7 19. Ng5 Rg8 20. f4 Bxf4 21. Rxf4 Qxg5 22.
g3 Ne7 23. Kh1 Bc6+ 24. Kg1 Nd5 25. Raf1 Nxf4 26. Rxf4 Qh5 27. Kf1 Rg4 28. Rf2 Qh3+ 29. Ke1 Kg7 30. Qe3 Qh6 31. Qe5+ Qf6 32. Qc7+ Kg6 33. h4 Rh8 34. Be2 Rh7 35. h5+ Kh6 36.
Qd6 Re4 37. g4 Qg5 38. Qf8+ Qg7 39. g5+ Kxg5 40. Rg2+ Rg4 41. Qd8+ Qe7 42. Qa5 Rxg2 0-1

[Event "Live Chess"]
[Site "Chess.com"]
[Date "2020.12.01"]
[Round "1"]
[White "Mangonel"]
[Black "echecsmike"]
[Result "1-0"]
[WhiteElo "1940"]
[BlackElo "1446"]
[TimeControl "2100+2"]
[EndTime "19:46:32 PST"]
[Termination "Mangonel won on time"]

1. d4 d5 2. c4 c6 3. Nf3 Nf6 4. Nc3 e6 5. g3 Be7 6. Bg2 Nbd7 7.
Qd3 b6 8. O-O a5 9. Rd1 Ba6 10. b3 Bb4 11. Bb2 O-O 12. a3 Bxc3 13. Qxc3 b5 14. c5 b4 15. Qc2 Ne4 16. Re1 Ndf6 17.
Nd2 Nxd2 18. Qxd2 Re8 19. f3 Nd7 20. e4 dxe4 21. fxe4 Nf6 22. a4 Qe7 23. Qg5 Rad8 24. Rac1 h6 25. Qh4 Nd7 26. Qg4 Nf6 27. Qf3 Nd7 28.
Rc2 e5 29. Bh3 exd4 30. Bxd4 Ne5 31. Bxe5 Qxe5 32. Qf2 Bc8 33. Bg2 Rd4 34. Qf4 Qxf4 35.
gxf4 Rd3 36. Rb2 Rc3 37. Bf1 Rxc5 38. Bc4 Rh5 39. Rd2 Rh4 40. e5 1-0

[Event "Live Chess"]
[Site "Chess.com"]
[Date "2020.12.01"]
[Round "1"]
[White "Kondsaga"]
[Black "pedrojrush"]
[Result "1-0"]
[WhiteElo "1934"]
[BlackElo "1239"]
[TimeControl "2100+2"]
[EndTime "19:02:11 PST"]
[Termination "Kondsaga won by checkmate"]

1. e4 e5 2. Nf3 Nc6 3. Bb5 Bd6 4. c3 Nf6 5. d3 O-O 6. O-O b6 7. Re1 Bb7 8. d4 a6 9. Bxc6 dxc6 10. dxe5 Be7 11. exf6 Qxd1 12. Rxd1 Bxf6 13. Bf4 Bd8 14. Nbd2 f6 15. Nf1 c5 16. Ng3 g5 17. Be3 Be7 18. Nf5 Bd6 19. Nxd6 cxd6 20. Rxd6 Bxe4 21. Rxb6 c4 22.
Nd2 Bd3 23. Bd4 f5 24. Rb7 h6 25. Rg7+ Kh8 26. Rxg5+ Kh7 27. Rg7+ Kh8 28. Re1 f4 29. Ree7 Rfe8 30. Rg4# 1-0

[Event "Live Chess"]
[Site "Chess.com"]
[Date "2020.12.01"]
[Round "1"]
[White "J3Chess24"]
[Black "victor6688"]
[Result "1-0"]
[WhiteElo "1889"]
[BlackElo "1054"]
[TimeControl "2100+2"]
[EndTime "18:42:55 PST"]
[Termination "J3Chess24 won by checkmate"]

1. e4 d5 2. exd5 Nf6 3. d4 Nxd5 4. c4 Nf6 5. Nc3 g6 6. Nf3 Bg7 7. Be2 Kf8 8. O-O e6 9. Re1 Nc6 10. Be3 Bd7 11. Rc1 Qe7 12. d5 exd5 13. Nxd5 Nxd5 14. cxd5 Ne5 15. Bc5 Nxf3+ 16. Bxf3 Qxc5 17. Rxc5 Bxb2 18. Rxc7 Bf5 19. Qb3 Bf6 20. d6 Be6 21. Rxe6 fxe6 22. Qxe6 Re8 23. Qf7# 1-0

[Event "Live Chess"]
[Site "Chess.com"]
[Date "2020.12.01"]
[Round "1"]
[White "JeffNorthSF"]
[Black "nicarmt"]
[Result "0-1"]
[WhiteElo "923"]
[BlackElo "1883"]
[TimeControl "2100+2"]
[EndTime "19:30:17 PST"]
[Termination "nicarmt won by resignation"]

1. c4 e5 2. g3 Nf6 3. Bg2 c6 4. e4 Be7 5. Ne2 O-O 6. d4 d6 7.
O-O Be6 8. d5 cxd5 9. cxd5 Bd7 10. Nbc3 Na6 11. a3 Nc7 12. Bd2 b5 13. b4 a5 14. Be3 Na6 15. Qb3 Qc7 16. Rfc1 Qb7 17. bxa5 Bd8 18. Nxb5 Qxb5 19. Qxb5 Bxb5 20. Nc3 Bd7 21. Bf1 Bxa5 22. a4 Bxc3 23. Rxc3 Nxe4 24. Rc4 Nec5 25. a5 Bb5 26. Rc3 Bxf1 27. Kxf1 Rfb8 28. f4 exf4 29. Bxf4 Ne4 30. Rc6 h6 31. Rac1 Rd8 32. Rb6 g5 33. Be3 Nac5 34. Bd4 Rxa5 35. Kg2 Nd3 36. Rcb1 Raa8 37. Rd1 Ra2+ 38. Kf1 Ndc5 39. Kg1 Nd2 40. Bf6 Nf3+ 41. Kf1 Nxh2+ 42. Ke1 Re8+ 0-1

[Event "Live Chess"]
[Site "Chess.com"]
[Date "2020.12.01"]
[Round "1"]
[White "vish1080"]
[Black "andrewaballantyne"]
[Result "1-0"]
[WhiteElo "1664"]
[BlackElo "948"]
[TimeControl "2100+2"]
[EndTime "19:16:50 PST"]
[Termination "vish1080 won by resignation"]

1. Nf3 Nc6 2. d4 d5 3. c4 e6 4. e3 Nf6 5. Nc3 Be7 6. Be2 O-O 7. O-O Re8 8. Ne5 Bd6 9. f4 a6 10. c5 Be7 11. Bd3 Nb4 12. Bb1 Nc6 13. Rf3 h6 14. b3 Nh7 15. Bxh7+ Kxh7 16. Nxf7 Qd7 17. Ne5 Qd8 18. Qd3+ Kg8 19. Bd2 Rf8 20. Raf1 Bh4 21.
Qg6 Qe7 22. Qh5 Rf5 23. Qg4 Nxe5 24. fxe5 Rg5 25. Rf8+ Kh7 26. Qf3 Rg6 27. Qf7 Qxf7 28. R1xf7 c6 29. Re8 a5 30. Rff8 Rg5 31. Rxc8 Rxc8 32. Rxc8 Rf5 33. g3 Bg5 34. Kg2 Be7 35. Re8 Bg5 36. h4 Bxh4 37. gxh4 1-0

[Event "Live Chess"]
[Site "Chess.com"]
[Date "2020.12.01"]
[Round "1"]
[White "TTVchessmaster"]
[Black "fastZachi"]
[Result "0-1"]
[WhiteElo "943"]
[BlackElo "1813"]
[TimeControl "2100+2"]
[EndTime "19:45:18 PST"]
[Termination "fastZachi won by checkmate"]

1. e4 c5 2. Nf3 e6 3. Be2 Nc6 4. d4 cxd4 5. Nxd4 Nf6 6. Nxc6 bxc6 7. Nc3 Bb4 8. Bg5 h6 9. Bh4 g5 10. Bg3 Qa5 11. Qd4 Be7 12. Be5 c5 13. Qe3 d6 14.
Bb5+ Kf8 15. Bxf6 Bxf6 16. Qf3 Bxc3+ 17. Qxc3 Qxc3+ 18. bxc3 Bb7 19. Bd3 c4 20. Bxc4 Bxe4 21. O-O Bxc2 22. Rac1 Bg6 23. Rfd1 Ke7 24. Bd3 Bxd3 25.
Rxd3 Rab8 26. c4 Rhc8 27. Ra3 Rb7 28. g3 d5 29. c5 e5 30. c6 Rbc7 31. Rb3 Kd6 32.
Rf3 Ke6 33. Ra3 d4 34. Kf1 Rb8 35. f4 f6 36. fxe5 fxe5 37. Ra5 Kd6 38. Rcc5 Re8 39. Rd5+ Kxc6 40. Rac5+ Kb6 41. Rb5+ Kc6 42. Rbc5+ Kb7 43. Rb5+ Kc8 44. Rxe5 Rxe5 45. Rxe5 Rc2 46. Rd5 Rxa2 47. Rxd4 Rxh2 48. Ra4 Kb7 49. Rb4+ Kc6 50. Ra4 Kb6 51. Rb4+ Ka5 52. Rb3 a6 53. Kg1 Rc2 54. Rb1 Rc4 55.
Kg2 Rb4 56. Ra1+ Kb5 57. Kh3 a5 58. Re1 Rc4 59. Rb1+ Kc5 60. Ra1 a4 61. Ra3 Kb4 62. Ra1 a3 63. Re1 a2 64. Ra1 Kb3 65. Rxa2 Kxa2 66.
Kg2 Kb3 67. Kf3 Kc3 68. Ke3 Rg4 69. Kf3 h5 70. Kf2 Kd3 71. Kf3 Re4 72. Kg2 g4 73. Kf2 Re2+ 74. Kf1 Ke3 75. Kg1 Kf3 76. Kf1 Rg2 77.
Ke1 Rxg3 78. Kf1 Rg2 79. Ke1 Rh2 80. Kf1 Rh1# 0-1

[Event "Live Chess"]
[Site "Chess.com"]
[Date "2020.12.01"]
[Round "1"]
[White "PlayerCreate1"]
[Black "sfdeals"]
[Result "1-0"]
[WhiteElo "1812"]
[BlackElo "931"]
[TimeControl "2100+2"]
[EndTime "19:17:30 PST"]
[Termination "PlayerCreate1 won by checkmate"]

1. e4 e5 2. Nf3 Nc6 3. Bc4 Bc5 4. O-O d6 5. c3 Nf6 6. Re1 O-O 7. h3 h6 8. a4 Re8 9. b4 Bxb4 10. cxb4 Nxb4 11. Qb3 d5 12. exd5 Nbxd5 13. Nxe5 c6 14. Bb2 Qc7 15. d4 Be6 16. Nd2 Rad8 17. Rac1 Nf4 18.
Bxe6 Nxe6 19. Ndf3 Nd5 20. g3 Qb6 21. Qc2 Nf6 22. Rb1 Qc7 23. Qf5 Qe7 24. Re3 Rd5 25. Rbe1 Red8 26. Ba3 Qe8 27. Kg2 a6 28. Qb1 b5 29. axb5 cxb5 30. Qa2 a5 31. Bc5 a4 32. Nxf7 Kxf7 33. Rxe6 Qxe6 34. Rxe6 Kxe6 35. Qe2+ Kf7 36.
Ne5+ Kg8 37. Qxb5 a3 38. Qb3 Ne4 39. Bxa3 Kh8 40. Nf7+ Kh7 41. Nxd8 Rxd8 42. Qd3 Re8 43. f3 g6 44. fxe4 Kg7 45. d5 Kf7 46. Qf3+ Kg7 47.
Bb2+ Kg8 48. Qf6 Re7 49. Qxe7 g5 50. Qg7# 1-0

[Event "Live Chess"]
[Site "Chess.com"]
[Date "2020.12.01"]
[Round "1"]
[White "adichi"]
[Black "dashrndrx"]
[Result "0-1"]
[WhiteElo "749"]
[BlackElo "1803"]
[TimeControl "2100+2"]
[EndTime "19:21:52 PST"]
[Termination "dashrndrx won by checkmate"]

1. d4 f5 2. Bf4 Nf6 3. e3 g6 4.
Nf3 Bg7 5. c3 O-O 6. Bc4+ d5 7.
Be2 Nbd7 8. Nbd2 Ne4 9. Nxe4 fxe4 10. Ne5 Nxe5 11. dxe5 c6 12. h4 h6 13. g4 Qd7 14.
Rg1 Qe6 15. g5 h5 16. Bxh5 gxh5 17. Qxh5 Rf5 18. Qe2 Bxe5 19. Bxe5 Qxe5 20. Qh5 Bd7 21. Qg6+ Qg7 22. Qh5 Raf8 23. O-O-O Rxf2 24. g6 b5 25. Qg5 R8f5 26. Qg3 Qe5 27. Qh3 Rh2 28. Qg4 Rff2 29. Qg5 Rc2+ 30. Kb1 Rxb2+ 31. Ka1 Rxa2+ 32. Kb1 Rhb2+ 33. Kc1 Qxc3# 0-1

[Event "Live Chess"]
[Site "Chess.com"]
[Date "2020.12.01"]
[Round "1"]
[White "chessappeals"]
[Black "SebbyMeister"]
[Result "1/2-1/2"]
[WhiteElo "1783"]
[BlackElo "691"]
[TimeControl "2100+2"]
[EndTime "19:39:50 PST"]
[Termination "Game drawn by agreement"]

1. d4 d5 2. Nf3 Nf6 3. e3 Bf5 4. c4 c6 5. Nc3 e6 6. cxd5 exd5 7. Bd3 Bg6 8. O-O Be7 9. b3 O-O 10. Bxg6 hxg6 11. Ne5 Nbd7 12. Nxd7 Qxd7 13. Qf3 Bb4 14. Bb2 Bxc3 15. Bxc3 Rfe8 16. Bb2 Re4 17. h3 Rae8 18. Kh2 Qc7+ 19. Qg3 Qxg3+ 20. Kxg3 Nd7 21. Kh2 Nb8 22. Ba3 f6 23. Rac1 Na6 24. Rc2 Kf7 25. Rfc1 f5 26. Bd6 R4e6 27. Be5 R8e7 28. a3 Nc7 29.
Bxc7 Rxc7 30. g3 g5 31. b4 b5 32. Kg2 Ke7 33. Kf1 Kd6 34. Re2 g6 35. Rce1 Rce7 36.
Kg2 Kc7 37. h4 g4 38. Rc2 Kb6 39. Rec1 a6 40. Rc3 Re8 41. R1c2 Rh8 42. Rc1 Rh5 43. Rh1 Kb7 44. Rcc1 Re7 45. Rc2 Kb6 46. Rcc1 Re6 47.
Rc2 Re7 48. Rhc1 Re6 49. Rh1 Rd6 50. Rcc1 Rd7 51. Rc2 Rh6 52. Rhc1 Rd6 53. Rh1 Rh5 54. Rhc1 g5 55. hxg5 Rxg5 56. Rh1 Rgg6 57. Rcc1 Rh6 58. Rxh6 Rxh6 59. Rh1 Rf6 60. Rh5 a5 61. Rh1 a4 62. Rh5 Kc7 63. f3 gxf3+ 64. Kxf3 Kd6 65. Kf4 Ke6 66. Rg5 Rf7 67. Rh5 Rf6 68. Rg5 1/2-1/2

[Event "Live Chess"]
[Site "Chess.com"]
[Date "2020.12.01"]
[Round "1"]
[White "ComfyQueso"]
[Black "15953392"]
[Result "1/2-1/2"]
[WhiteElo "662"]
[BlackElo "1184"]
[TimeControl "2100+2"]
[EndTime "18:59:39 PST"]
[Termination "Game drawn by repetition"]

1. d4 g6 2. e4 Bg7 3. Nf3 d6 4. Nc3 Bg4 5. Be2 Bxf3 6. Bxf3 Nd7 7. O-O Ngf6 8. Bg5 O-O 9. Qd2 e6 10. Bh6 c5 11. Bxg7 Kxg7 12. d5 e5 13. Nb5 Nb6 14.
Qa5 a6 15. Nc3 Nc4 16. Qxd8 Rfxd8 17. Rab1 Nd2 18. Rbd1 Nxf1 19. Rxf1 b5 20. h3 b4 21.
Na4 Rab8 22. Be2 a5 23. f3 Nd7 24. b3 Nb6 25. Nb2 Ra8 26. Bb5 Rab8 27. Bc6 Nc8 28. g4 Ne7 29. Ba4 h6 30. Nc4 Ra8 31. Bb5 Rab8 32.
Ba4 Ra8 33. Bb5 Ra7 34. Kg2 Kf8 35. Rf2 Rb7 36. Ba6 Ra7 37. Bb5 Nc8 38. Kh2 Ne7 39. Kg2 1/2-1/2